Map: Neon Violet Square LE

Players

Hurricane

  • Race: Protoss Protoss
  • Spawn Location: 5:00

INnoVation - Winner!

  • Race: Terran Terran
  • Spawn Location: 11:00

Event: IEM Season 12 - Katowice

VOD

Have the link to the VOD?

Description

Time

  • Played on: March 1, 2018, 3:51 p.m.
  • Length: 7:12

All games in this series

Show
View Real Time Build Order
Export as new Build Order

Hurricane Protoss 

Build Orders: 1 Gate Expand, Oracle Opening, Phoenix Opening 

Get SALT Encoding   

  12  0:00  Probe  
  13  0:12  Probe  
  14  0:18  Pylon  
  14  0:25  Probe (Chrono Boost)  
  15  0:37  Probe (Chrono Boost)  
  15  0:38  Gateway  
  16  0:45  Probe (Chrono Boost)  
  16  0:47  Assimilator  
  17  0:51  Probe  
  18  1:03  Probe  
  19  1:15  Probe  
  20  1:23  Nexus  
  20  1:34  Cybernetics Core  
  20  1:37  Probe  
  21  1:42  Assimilator  
  21  1:50  Probe  
  21  1:53  Pylon  
  22  2:02  Probe  
  23  2:09  Adept (Chrono Boost)  
  23  2:14  Probe  
  26  2:17  Stargate  
  26  2:26  Warp Gate  
  26  2:27  Probe (Chrono Boost)  
  27  2:31  Adept (Chrono Boost)  
  27  2:35  Probe (Chrono Boost)  
  30  2:44  Probe x2 (Chrono Boost)  
  32  2:49  Probe (Chrono Boost)  
  32  2:50  Probe  
  33  2:53  Adept (Chrono Boost)  
  36  3:01  Probe  
  36  3:02  Phoenix (Chrono Boost)  
  38  3:10  Probe  
  38  3:11  Pylon  
  39  3:13  Probe  
  40  3:23  Probe, Oracle (Chrono Boost)  
  44  3:28  Probe  
  45  3:35  Probe  
  45  3:40  Probe  
  47  3:43  Gateway  
  47  3:44  Gateway  
  47  3:47  Probe  
  48  3:52  Probe  
  49  4:00  Probe  
  50  4:03  Robotics Facility  
  50  4:05  Probe  
  50  4:09  Pylon  
  51  4:14  Probe  
  52  4:17  Probe  
  52  4:22  Nexus  
  53  4:24  Assimilator  
  53  4:28  Assimilator  
  53  4:30  Probe x2  
  55  4:39  Stalker x2  
  55  4:42  Stalker  
  58  4:58  Immortal (Chrono Boost)  
  60  5:04  Pylon  
  62  5:13  Pylon  
  62  5:30  Probe x2  
  62  5:31  Immortal (Chrono Boost)  
  62  5:32  Pylon x2  
  64  5:45  Probe x2  
  66  5:50  Twilight Council  
  66  5:53  Forge, Nexus  
  66  5:55  Pylon  
  66  5:57  Probe (Chrono Boost)  
  66  5:59  Probe (Chrono Boost)  
  68  6:09  Observer  
  68  6:10  Probe (Chrono Boost)  
  71  6:11  Probe (Chrono Boost)  
  71  6:15  Robotics Bay  
  71  6:16  Probe (Chrono Boost)  
  71  6:17  Probe (Chrono Boost)  
  73  6:24  Probe  
  74  6:26  Probe, Pylon  
  74  6:31  Sentry x2  
  80  6:40  Observer  
  80  6:46  Shield Battery  
  80  6:49  Zealot  
  75  7:09  Nexus  
Show
View Real Time Build Order
Export as new Build Order

INnoVation Terran - Winner!

Build Orders: Gas First Reaper Expand, Liberator Opening, Reaper Expand 

Get SALT Encoding   

  12  0:00  SCV  
  13  0:12  SCV  
  14  0:17  Supply Depot  
  14  0:24  SCV  
  15  0:29  Refinery  
  15  0:39  SCV  
  16  0:45  Barracks  
  16  0:51  SCV  
  17  1:03  SCV  
  18  1:15  SCV  
  19  1:32  Reaper, Orbital Command  
  20  1:49  Command Center  
  20  1:57  Factory  
  20  2:00  SCV  
  21  2:06  Barracks Reactor  
  21  2:12  SCV  
  22  2:15  Supply Depot  
  22  2:17  Refinery  
  22  2:24  SCV  
  23  2:37  SCV  
  23  2:43  Marine  
  23  2:44  Marine, Starport  
  25  2:48  Widow Mine  
  25  2:49  SCV  
  29  3:01  Orbital Command  
  29  3:02  SCV  
  29  3:03  Marine x2  
  32  3:10  Widow Mine  
  34  3:14  SCV  
  35  3:20  Marine, Medivac  
  35  3:21  Marine  
  35  3:27  Supply Depot  
  39  3:29  SCV  
  39  3:31  SCV  
  39  3:32  Factory Tech Lab  
  41  3:40  Marine x2  
  43  3:42  SCV  
  43  3:43  SCV  
  45  3:49  Supply Depot  
  45  3:53  Siege Tank, Liberator  
  48  3:58  Marine x2  
  48  4:01  SCV x2  
  52  4:09  Engineering Bay  
  52  4:16  Marine x2  
  56  4:17  SCV x2  
  56  4:20  Supply Depot  
  58  4:29  SCV x2  
  60  4:32  Barracks  
  60  4:33  Factory Reactor  
  60  4:42  SCV x2  
  60  4:44  Stimpack  
  60  4:45  Marine, Barracks  
  63  4:54  SCV x2  
  63  4:57  Terran Infantry Weapons Level 1  
  63  4:58  Refinery  
  63  5:02  Supply Depot  
  63  5:04  Starport Reactor  
  63  5:06  Bunker  
  63  5:10  Missile Turret  
  63  5:13  Marine  
  64  5:15  SCV x2  
  66  5:22  Supply Depot  
  66  5:27  SCV  
  66  5:28  SCV  
  68  5:31  Factory Reactor  
  68  5:32  Marine x2  
  68  5:33  Marine x2, Marauder  
  74  5:36  Supply Depot  
  74  5:39  SCV  
  74  5:40  SCV  
  73  5:43  Medivac  
  73  5:44  Medivac  
  77  5:50  Marine x4  
  77  5:54  Marauder  
  77  5:55  SCV x2  
  85  6:00  Supply Depot  
  85  6:01  Supply Depot  
  85  6:07  SCV  
  85  6:09  Marine x3  
  85  6:10  Marine  
  85  6:11  Widow Mine x2  
  94  6:21  Marauder  
  94  6:22  Supply Depot  
  95  6:26  Medivac x2  
  95  6:28  Marine x4  
  95  6:32  Widow Mine  
  102  6:38  SCV  
  102  6:39  SCV  
  101  6:43  Marauder  
  101  6:46  Marine x4  
  111  6:58  Command Center  

Tags
 
Add a new tag
Caveats
  • Supply blocks, unpowered buildings, or Contaminate may cause inaccurate times.
  • Supply counts are checked every 10 seconds.